 Dungeon Crawl Stone Soup version 0.20.1-1-g8b1a95d (webtiles) character file.

25 mitko27 the Ruffian (level 2, 0/34 HPs)
             Began as a Draconian Transmuter on Oct 31, 2017.
             Succumbed to an adder's poison
             ... on level 1 of the Dungeon.
             The game lasted 00:08:03 (514 turns).

mitko27 the Ruffian (Draconian Transmuter)           Turns: 514, Time: 00:08:05

Health: 0/34       AC: 21    Str: 17    XL:     2   Next: 82%
Magic:  5/5        EV:  2    Int: 13    God:
Gold:   67         SH:  0    Dex: 11    Spells: 4/5 levels left

rFire    . . .     SeeInvis .   g - +2 short sword (drain)
rCold    . . .     Gourm    .   (no shield)
rNeg     + + +     Faith    .   (armour unavailable)
rPois    +         Spirit   .   (helmet currently unavailable)
rElec    .         Reflect  .   (cloak currently unavailable)
rCorr    .         Harm     .   (gloves currently unavailable)
MR       .....     NoTele   +   (boots currently unavailable)
Stlth    +.........             (no amulet)
Regen    0.2/turn               (no ring)
MPRegen  0.1/turn               (no ring)

@: mighty, lethally poisoned (0 -> -5), tree-form, very slightly contaminated,
invisible
A: unfitting armour, AC +4
a: no special abilities


You were on level 1 of the Dungeon.
You were very full.
You were a tree.
You visited 1 branch of the dungeon, and saw 2 of its levels.

You collected 67 gold pieces.

Inventory:

Hand Weapons
 g - a +2 short sword of draining (weapon)
Missiles
 a - 12 arrows
 f - 3 tomahawks of returning (quivered)
Potions
 j - 2 potions of lignification
Books
 b - a book of Changes

   Spells                             Type                      Level
   a - Beastly Appendage              Transmutation                1
   b - Sticks to Snakes               Transmutation                2
   c - Spider Form                    Transmutation/Poison         3
   d - Ice Form                       Ice/Transmutation            4
   e - Blade Hands                    Transmutation                5
Comestibles
 c - 4 bread rations


   Skills:
 + Level 1.1 Fighting
 * Level 1.7 Short Blades
 - Level 1.9 Dodging
 - Level 3.2 Unarmed Combat
 - Level 2.1 Spellcasting
 - Level 2.0 Transmutations


You had 4 spell levels left.
You knew the following spells:

 Your Spells              Type           Power        Failure   Level  Hunger
a - Beastly Appendage     Tmut           #.....       11%         1    ##.....


Dungeon Overview and Level Annotations

Branches:
Dungeon (2/15)

Altars:

Annotations:
D:2 Sigmund


Innate Abilities, Weirdness & Mutations

((Your plain brown scales are hard. (AC +4)))
You cannot fit into any form of body armour.
((You are cold-blooded and may be slowed by cold attacks.))


Message History

There is a lethal amount of poison in your body!
There is a lethal amount of poison in your body!
There is a lethal amount of poison in your body!
There is a lethal amount of poison in your body!
There is a lethal amount of poison in your body!
There is a lethal amount of poison in your body!
There is a lethal amount of poison in your body!
There is a lethal amount of poison in your body!
There is a lethal amount of poison in your body!
You cannot move.
You cannot move.
You cannot move.
You cannot move.
Casting: Beastly Appendage
Confirm with . or Enter, or press ? or * to list all spells.
You are stuck in your current form!
Unknown command.
Unknown command.
You feel mightier all of a sudden.
You die...

######......%.##'###'##......#
#.#.######...#...#.#########
#.#......#.>.#...#..........
#.########...#...#.#####.##.
#.# #.>.#.<.#......^... #.#
#...#...#.#####.##. #.#
#.>.#...#.##....##. #.#
#...#...#.##.#####. ..#
###♣###+##.##.#####.
#####...###.##.......... ..
#...........#####.#####. .#
#.###.........# #.# #. .# #.#
##)###.##.###.## #. .# #.# #.#
#.##.##.#.####. .# #.# #.#
#......###..##. .# #.# #.#
####.##.#.#.##. .# #.# #.# #.#
#.##.#..


There were no monsters in sight!

Vanquished Creatures
  An adder (D:1)
  4 bats
  A giant cockroach (D:1)
  2 goblins (D:1)
  2 hobgoblins (D:1)
  A frilled lizard (D:1)
  5 kobolds
  A rat (D:1)
17 creatures vanquished.

Notes
Turn   | Place    | Note
-------+----------+-------------------------------------------
     0 | D:1      | mitko27 the Draconian Transmuter began the quest for the Orb.
     0 | D:1      | Reached XP level 1. HP: 16/16 MP: 3/3
    55 | D:2      | Noticed Sigmund
   318 | D:1      | Reached XP level 2. HP: 23/23 MP: 5/5
   439 | D:1      | Reached skill level 1 in Short Blades
   512 | D:1      | HP: 1/34 [poisoned by an adder]
   514 | D:1      | Succumbed to an adder's poison

Skill      XL: |  1  2 |
---------------+-------+-----
Short Blades   | 1 |  1.7
Fighting       | |  1.1
Dodging        | |  1.9
Unarmed Combat | |  3.2
Spellcasting   | |  2.1
Transmutations | |  2.0

Action                   || total
-------------------------++-------
Melee: Unarmed           ||    26
       Short sword       ||    34
       Tailslap          ||     6
  Use: Potion            ||     5
       Scroll            ||     2
  Eat: Meat ration       ||     1
Armor: Skin              ||    32
Dodge: Dodged            ||    79
